 Seeded DCSS version 0.28-a0-823-gb444dcf96d (webtiles) character file.

Game seed: 20211109 (custom seed)

60 a11behringer the Cudgeller (level 3, -9/36 HPs)
             Began as a Troll Berserker on Nov 9, 2021.
             Was a Believer of Trog.
             Mangled by a gnoll (11 damage)
             ... on level 2 of the Dungeon.
             The game lasted 00:04:36 (1049 turns).

a11behringer the Cudgeller (Troll Berserker)        Turns: 1049, Time: 00:04:36

Health: -9/36      AC:  5    Str: 25    XL:     3   Next: 82%
Magic:  2/2        EV: 10    Int:  3    God:    Trog [**....]
Gold:   46         SH:  0    Dex: 10    Spells: 2/2 levels left

rFire   . . .      SeeInvis .   a - +1 mace
rCold   . . .      Faith    .   (no shield)
rNeg    . . .      Spirit   .   b - +1 animal skin
rPois   .          Reflect  .   (helmet restricted)
rElec   .          Harm     .   (no cloak)
rCorr   .          Rampage  .   (gloves unavailable)
Will    .....                   (boots unavailable)
Stlth   +.........              (no amulet)
HPRegen 1.12/turn               (no ring)
MPRegen 0.08/turn               (no ring)

@: on berserk cooldown, slowed, very slow
A: large, unfitting armour, claws 3, regeneration 1, shaggy fur 1, tough skin 1
a: Renounce Religion, Berserk, Trog's Hand


You were on level 2 of the Dungeon.
You worshipped Trog.
Trog was pleased with you.
You visited 1 branch of the dungeon, and saw 2 of its levels.

You collected 46 gold pieces.

Inventory:

Hand Weapons
 a - a +1 mace (weapon)
Armour
 b - a +1 animal skin (worn)
Potions
 f - a potion of cancellation {unknown}


   Skills:
 + Level 2.7 Fighting
 * Level 3.9 Maces & Flails
 + Level 2.7 Dodging


You had 2 spell levels left.
You didn't know any spells.
Your spell library was empty.

Dungeon Overview and Level Annotations

Branches:
Dungeon (2/15)

Altars:
Qazlal

Shops:
D:2 *


Innate Abilities, Weirdness & Mutations

You are too large for most types of armour.
You have claws for hands.
Your natural rate of healing is unusually fast.
You are covered in fur. (AC +1)
You have tough skin. (AC +1)


Message History

The adder bites you but does no damage.
You miss the adder.
The adder is heavily wounded.
The gnoll hits you from afar with a +0 halberd. x2
The goblin barely misses you. The adder barely misses you.
You miss the adder.
The adder is heavily wounded.
The gnoll barely misses you.
The gnoll hits you from afar with a +0 halberd!
The goblin barely misses you. The adder bites you.
You barely miss the adder.
The adder is heavily wounded.
The gnoll hits you from afar with a +0 halberd.
The adder bites you but does no damage.
The gnoll hits you from afar with a +0 halberd.
The goblin closely misses you.
You thump the adder!
You kill the adder!
Trog accepts your kill. The gnoll barely misses you.
The gnoll hits you from afar with a +0 halberd!
The goblin hits you with a +0 dagger.
You see here an adder corpse.
You barely miss the gnoll.
You are no longer berserk.
You are exhausted.
You feel yourself slow down. The gnoll closely misses you.
The gnoll hits you with a +0 halberd. The goblin closely misses you.
You barely miss the gnoll. The gnoll hits you with a +0 halberd!
* * * LOW HITPOINT WARNING * * *
The gnoll barely misses you. The goblin hits you with a +0 dagger.
* * * LOW HITPOINT WARNING * * *
The gnoll closely misses you. The goblin hits you but does no damage.
The gnoll barely misses you.
You barely miss the gnoll. The gnoll hits you with a +0 halberd.
* * * LOW HITPOINT WARNING * * *
The gnoll barely misses you. The goblin hits you with a +0 dagger.
* * * LOW HITPOINT WARNING * * *
The gnoll hits you with a +0 halberd!
You die...

#. #....... ####.##
###..### #. ...#
#...### #. #..# #....##
##.##..# #....##
####......########...##
+......................
##...##.########.....
#..g@...# ##..##
#...gg#### ###>##
#....... #.....
#......... #.#.#.
#.........# #.#...
#.........# ##.##..
##.......## #......
##.....## #.###.# #.#
#.#


You could see 2 gnolls and a goblin.

Vanquished Creatures
  A gnoll (D:2)
  An adder (D:2)
  3 dart slugs (D:2)
  5 ball pythons (D:1)
  2 bats (D:1)
  3 endoplasms
  3 giant cockroaches
  3 goblins
  3 hobgoblins
  A quokka (D:1)
  4 frilled lizards
  6 kobolds (D:1)
  2 rats (D:1)
37 creatures vanquished.

Notes
Turn   | Place    | Note
-------+----------+-------------------------------------------
     0 | D:1      | a11behringer the Troll Berserker began the quest for the
                  | Orb.
     0 | D:1      | Reached XP level 1. HP: 22/22 MP: 0/0
    86 | D:1      | Reached skill level 3 in Maces & Flails
    87 | D:1      | Reached XP level 2. HP: 29/29 MP: 1/1
   238 | D:1      | Reached ** piety under Trog
   738 | D:2      | Reached XP level 3. HP: 36/36 MP: 2/2
   917 | D:2      | Found Ivup's General Store.
   940 | D:2      | Found a stormy altar of Qazlal.
  1049 | D:2      | Mangled by a gnoll

Illustrated notes

Levels and vault maps discovered:
D:1:      mainiacjoe_arrival_reflecting_pool, layout_rooms, minmay_statues_item,
          patterned_corridor
D:2:      minmay_evil_eye, layout_loops_corners, basic_altar, serial_shops,
          shop_statue, ebering_ecumenical_altar_abandoned, uniq_natasha,
          uniq_crazy_yiuf_cottage, uniq_jessica

Skill      XL: |  1 |
---------------+----+-----
Maces & Flails | 3 |  3.9
Fighting       | |  2.7
Dodging        | |  2.7

Action                   || total
-------------------------++-------
Melee: Mace              ||   103
Invok: Berserk           ||     1
  Use: Scroll            ||     3
 Stab: Sleeping          ||     2
Armor: Animal skin       ||    45
Dodge: Dodged            ||    86

Table legend: (Time is in decaauts)
 A = Elapsed time spent in this place.
 B = Non-inter-level travel time spent in this place.
 C = Inter-level travel time spent in this place.
 D = Time resting spent in this place.
 E = Time spent auto-exploring this place.
 F = Levels seen in this place.
 G = Mean time per level.
                   A        B        C        D        E       F      G
               +--------+--------+--------+--------+--------+-----+--------+
         Total |   1068 |    888 |    180 |      0 |    661 |   2 |  534.0 |
       Dungeon |   1068 |    888 |    180 |      0 |    661 |   2 |  534.0 |
               +--------+--------+--------+--------+--------+-----+--------+

Top non-repeatable levels by time:
     D:1: 664 daAuts
     D:2: 404 daAuts
